 Dungeon Crawl Stone Soup version 0.29.0-15-g675c0067aa (webtiles) character file.

Game seed: 1170355118066488732

651 SensoryNuts the Covert (level 7, -3/45 HPs)
             Began as an Octopode Brigand on Sept 11, 2022.
             Slain by an ice beast (12 damage)
             ... on level 5 of the Dungeon.
             The game lasted 00:04:46 (4350 turns).

SensoryNuts the Covert (Octopode Brigand)           Turns: 4350, Time: 00:04:46

Health: -3/45      AC:  1    Str: 11    XL:     7   Next: 53%
Magic:  7/7        EV: 13    Int: 13    God:
Gold:   325        SH:  0    Dex: 15    Spells: 6/6 levels left

rFire   . . .      SeeInvis .   p - +1 short sword (venom)
rCold   . . .      Faith    .   (no shield)
rNeg    . . .      Spirit   .   (helmet restricted)
rPois   .          Reflect  .   (no amulet)
rElec   .          Harm     .   (no ring)
rCorr   .          Rampage  .   (no ring)
Will    .....                   (no ring)
Stlth   +++++.....              (no ring)
HPRegen 0.15/turn               (no ring)
MPRegen 0.10/turn               (no ring)
                                (no ring)
                                (no ring)

@: hasted, studying Short Blades, very quick
A: almost no armour, amphibious, 8 rings, camouflage 1, gelatinous body 1,
(nimble swimmer 1), tentacles
a: no special abilities


You were on level 5 of the Dungeon.
You visited 1 branch of the dungeon, and saw 5 of its levels.

You collected 325 gold pieces.

Inventory:

Hand Weapons
 a - a +2 dagger
 o - a +0 rapier
 p - a +1 short sword of venom (weapon)
Missiles
 b - 9 poisoned darts (quivered)
 c - 3 curare-tipped darts
Jewellery
 k - an amulet of faith
Scrolls
 g - 2 scrolls of teleportation
Potions
 d - a potion of brilliance
 e - a potion of attraction {unknown}
 f - a potion of curing
 j - a potion of magic {unknown}
 l - a potion of might {unknown}
 r - a potion of lignification {unknown}


   Skills:
 + Level 2.7 Fighting
 * Level 7.2 Short Blades
 + Level 2.2 Throwing
 + Level 2.3 Dodging
 + Level 9.2 Stealth


You had 6 spell levels left.
You didn't know any spells.
Your spell library contained the following spells:

 Spells                   Type           Power      Damage    Failure   Level
 Beastly Appendage        Tmut           0%         N/A       30%         1
 Sting                    Tmut/Pois      0%         1d3       30%         1
 Wereblood                Tmut           0%         N/A       43%         2
 Spider Form              Tmut/Pois      0%         N/A       67%         3
 Flame Wave               Conj/Fire      0%         2d4       97%         4
 Alistair's Intoxication  Tmut/Pois      0%         N/A       100%        5


Dungeon Overview and Level Annotations

Branches:
Dungeon (5/15)             Temple (0/1) D:5

Altars:
Dithmenos
Fedhas
Gozag
Okawaru
Xom

Shops:
D:4 !


Innate Abilities, Weirdness & Mutations

You cannot wear most types of armour.
You are amphibious.
You can wear up to eight rings at the same time.
Your skin changes colour to match your surroundings (Stealth+).
Your rubbery body absorbs attacks. (AC +1, EV +1)
((You are camouflaged when in or above water. (Stealth+)))
You have tentacles for arms and can constrict up to eight enemies at once.


Message History

You hit the orc priest.
The orc priest is poisoned.
The orc priest is heavily wounded.
You constrict the orc priest. The orc priest barely misses you.
You hit the orc priest. You squeeze the orc priest.
You kill the orc priest!
No target in view!
No target in view!
You climb downwards.
You hear the sound of rushing water.
There is an entrance to a sewer on this level.
Hurry and find it before the portal rusts away!
There is a stone staircase leading up here.
You now have 325 gold pieces (gained 10).
Found a pair of gloves.
An orc comes into view. It is wielding a +0 short sword.
You swing at nothing.
You swing at nothing.
You hit the ice beast.
The ice beast is lightly wounded.
You closely miss the ice beast.
The ice beast is lightly wounded.
The ice beast hits you. The ice beast freezes you.
You hit the ice beast.
The ice beast is moderately wounded.
The ice beast closely misses you.
You hit the ice beast but do no damage.
The ice beast is moderately wounded.
The ice beast hits you. The ice beast freezes you.
You closely miss the ice beast.
The ice beast is moderately wounded.
You hit the ice beast but do no damage.
The ice beast is moderately wounded.
The ice beast hits you. The ice beast freezes you!
* * * LOW HITPOINT WARNING * * *
You barely miss the ice beast.
The ice beast is moderately wounded.
The ice beast hits you but does no damage.
You feel yourself speed up. The ice beast hits you.
* * * LOW HITPOINT WARNING * * *
The ice beast freezes you!
You die...

##.#)#### #.. #.###.....#
........###.###.##......#
........#...............#
...............#...#....#
........###o.###...#....#
............###...<.....#
............###.###.#####
...........$....#...#
.........##..#.Y@.###
....###........####
......#........##
...##.#.........#
....#.#............o.#
.....................#
.......................
..................[....
#.....o................


You could see an ice beast.

Vanquished Creatures
  A water moccasin (D:5)
  2 phantoms (D:4)
  A scorpion (D:4)
  3 hounds
  2 orc priests (D:4)
  An iguana (D:5)
  2 orc wizards (D:4)
  An adder (D:3)
  A worm (D:3)
  A dart slug (D:3)
  14 orcs
  4 endoplasms
  3 giant cockroaches
  6 goblins
  8 hobgoblins
  9 jackals
  5 quokkas
  8 ball pythons
  5 bats
  3 frilled lizards (D:2)
  5 kobolds
  4 rats
89 creatures vanquished.

Notes
Turn   | Place    | Note
-------+----------+-------------------------------------------
     0 | D:1      | SensoryNuts the Octopode Brigand began the quest for the
                  | Orb.
     0 | D:1      | Reached XP level 1. HP: 14/14 MP: 1/1
   177 | D:1      | Reached XP level 2. HP: 19/19 MP: 2/2
   429 | D:1      | Reached skill level 6 in Stealth
   555 | D:1      | Reached XP level 3. HP: 24/24 MP: 3/3
   925 | D:2      | Found a faded altar of an unknown god.
  1460 | D:3      | Identified a scroll of acquirement
  1460 | D:3      | Acquired a manual of Short Blades
  1659 | D:3      | Found an iron altar of Okawaru.
  1962 | D:3      | Reached XP level 4. HP: 29/29 MP: 4/4
  1966 | D:3      | Found a shadowy altar of Dithmenos.
  1987 | D:3      | Reached skill level 7 in Stealth
  2407 | D:4      | Noticed a phantom
  2425 | D:4      | Killed a phantom
  2426 | D:4      | Reached XP level 5. HP: 30/34 MP: 5/5
  2502 | D:4      | Reached skill level 8 in Stealth
  2846 | D:4      | Got the Essays on the Scorching Spider
  2997 | D:4      | Found Xapluffera's Distillery.
  3014 | D:4      | Reached skill level 5 in Short Blades
  3014 | D:4      | Reached XP level 6. HP: 34/39 MP: 6/6
  3145 | D:4      | Found a shimmering altar of Xom.
  3930 | D:5      | Entered Level 5 of the Dungeon
  3933 | D:5      | Reached XP level 7. HP: 45/45 MP: 7/7
  3980 | D:5      | Found an opulent altar of Gozag.
  3994 | D:5      | Found a staircase to the Ecumenical Temple.
  4069 | D:5      | Found a blossoming altar of Fedhas.
  4105 | D:5      | Reached skill level 9 in Stealth
  4350 | D:5      | Slain by an ice beast

Illustrated notes

Levels and vault maps discovered:
D:1:      dpeg_arrival_arbitrary_c, layout_loops_ring
D:2:      layout_loops_ring, hellmonk_ecumenical_altar_pennies_from_heaven
D:3:      layout_basic, okawaru_gym_becter, nicolae_dithmenos_the_darkroom
D:4:      layout_loops_ring, kennysheep_mini, serial_shops, shop
D:5:      layout_rooms, grunt_gozag_statues, fedhas_altar_2, temple_statues,
          portal_sewer_entry_a

Skill      XL: |  1  2  3  4  5  6  7 |
---------------+----------------------+-----
Stealth        | 6 7 8 9 |  9.2
Short Blades   | 3 5 6 7 |  7.2
Dodging        | 2 |  2.3
Fighting       | |  2.7
Throwing       | |  2.2

Action                   |  1- 3 |  4- 6 |  7- 9 || total
-------------------------+-------+-------+-------++-------
Melee: Dagger            |    72 |       |       ||    72
       Constrict         |    18 |    14 |     4 ||    36
       Tentacles         |    12 |    20 |     2 ||    34
       Punch             |     1 |       |       ||     1
       Rapier            |    13 |       |       ||    13
       Short sword       |     1 |    97 |    24 ||   122
  Use: Scroll            |     6 |     6 |       ||    12
       Potion            |       |     3 |     1 ||     4
 Stab: Sleeping          |    18 |     9 |     2 ||    29
       Distracted        |       |     1 |     1 ||     2
Armor: Skin              |     5 |     2 |     2 ||     9
Dodge: Dodged            |    31 |    38 |    13 ||    82
